 Dungeon Crawl Stone Soup version 0.28-a0-312-gbced6e68ee (webtiles) character file.

Game seed: 4386681617626752175

40 Shayle the Insei (level 3, 0/29 HPs)
             Began as a Djinni Warper on Aug 31, 2021.
             Slain by a worm (7 damage)
             ... on level 1 of the Dungeon.
             The game lasted 00:02:54 (2031 turns).

Shayle the Insei (Djinni Warper)                    Turns: 2031, Time: 00:02:55

Health: 0/29       AC:  3    Str: 10    XL:     3   Next: 72%
Gold:   27         EV: 11    Int: 15    God:
                   SH:  0    Dex: 12

rFire   + + .      SeeInvis .     - Unarmed
rCold   x . .      Faith    .   (no shield)
rNeg    . . .      Spirit   .   a - +0 leather armour
rPois   ∞          Reflect  .   (no helmet)
rElec   .          Harm     .   (no cloak)
rCorr   .          Rampage  .   (no gloves)
Will    .....                   (boots unavailable)
Stlth   +.........              (no amulet)
HPRegen 0.09/turn               (no ring)
MPRegen 0.00/turn               (no ring)

@: attractive, flying
A: sickness immunity, fire resistance 2, cold vulnerability 1, float, innate
caster, hp casting, extra vitality 1
a: no special abilities


You were on level 1 of the Dungeon.
You visited 1 branch of the dungeon, and saw 2 of its levels.

You collected 27 gold pieces.

Inventory:

Missiles
 j - 4 boomerangs (quivered)
Armour
 a - a +0 leather armour (worn)
Scrolls
 b - 3 scrolls of blinking
 e - a scroll of identify {unknown}
 f - a scroll of teleportation {unknown}
 g - a scroll of enchant weapon {unknown}
 h - a scroll of summoning {unknown}
 k - a scroll of fear {unknown}


   Skills:
 + Level 2.6 Fighting
 - Level 0.7 Throwing
 - Level 1.0 Armour
 - Level 2.1 Dodging
 * Level 3.3 Unarmed Combat
 - Level 2.4 Spellcasting


You couldn't memorise any spells.
You knew the following spells:

 Your Spells              Type           Power      Damage    Failure   Level
a - Blink                 Tloc           N/A        N/A       16%         2
b - Lesser Beckoning      Tloc           9%         N/A       32%         3
c - Gell's Gravitas       Tloc           4%         N/A       32%         3
d - Teleport Other        Tloc           9%         N/A       32%         3
e - Manifold Assault      Tloc           9%         N/A       96%         5
f - Freeze                Ice            36%        1d6       11%         1
Your spell library was empty.

Dungeon Overview and Level Annotations

Branches:
Dungeon (2/15)

Altars:


Innate Abilities, Weirdness & Mutations

You are immune to sickness and miasma.
You are immune to poison.
Your flesh is very heat resistant. (rF++)
You are vulnerable to cold. (rC-)
You float through the air rather than walking.
You learn spells naturally, not from books.
Your magical power is your life essence.
You have superior vitality. (+4 HP)


Message History

Aim: an adder (moderately wounded, 38% to hit)
You throw a boomerang of dispersal.
The boomerang of dispersal barely misses the adder.
The adder bites you but does no damage. The adder bites you.
Throw: 4 boomerangs (disperse)
Press: ? - help, Q - select action, (/) - cycle Shift-Dir - straight line, f/p - adder
Aim: an adder (moderately wounded, 38% to hit)
You throw a boomerang of dispersal.
The boomerang of dispersal misses the adder.
The adder bites you.
Throw: 3 boomerangs (disperse)
Press: ? - help, Q - select action, (/) - cycle Shift-Dir - straight line, f/p - adder
Aim: an adder (moderately wounded, 38% to hit)
You throw a boomerang of dispersal.
The boomerang of dispersal hits the adder.
The adder blinks!
The adder is heavily wounded.
The adder bites you.
Throw: 2 boomerangs (disperse)
Press: ? - help, Q - select action, (/) - cycle Shift-Dir - straight line, f/p - adder
Aim: an adder (heavily wounded, 38% to hit)
You throw a boomerang of dispersal.
The boomerang of dispersal barely misses the adder.
The adder closely misses you. The worm bites you but does no damage.
Throw: boomerang (disperse)
Press: ? - help, Q - select action, (/) - cycle Shift-Dir - straight line, f/p - adder
Aim: an adder (heavily wounded, 38% to hit)
You throw a boomerang of dispersal.
The boomerang of dispersal misses the adder.
The adder bites you but does no damage. x2
Throw: 4 boomerangs
Press: ? - help, Q - select action, (/) - cycle Shift-Dir - straight line, f/p - adder
Aim: an adder (heavily wounded, 38% to hit)
You throw a boomerang.
The boomerang hits the adder but does no damage.
The adder is heavily wounded.
The adder bites you.
* * * LOW HITPOINT WARNING * * *
The worm bites you!
You die...

.....##.## #.#
#....#...##### #.#
#....#.......# #.#
.....#...###.#####.###
..8..##.###..........#
.....##.# #..#####.#.#
.....#..# #..........#
#####'..###.######...#
##.####>.......w@S...#
)...........######...#
##.########## #...#
#.# ###.# #.##########
#.# #(.........# #.#
##########.# #.####
#.# #....# #.# #.##.#


You could see a worm and an adder.

Vanquished Creatures
  A gnoll (D:1)
  An adder (D:1)
  A dart slug (D:1)
  3 ball pythons (D:1)
  An endoplasm (D:2)
  A giant cockroach (D:1)
  2 hobgoblins
  2 quokkas (D:1)
  3 bats
  2 frilled lizards
  3 goblins (D:1)
  A rat (D:1)
21 creatures vanquished.

Notes
Turn   | Place    | Note
-------+----------+-------------------------------------------
     0 | D:1      | Shayle the Djinni Warper began the quest for the Orb.
     0 | D:1      | Reached XP level 1. HP: 18/18 MP: 0/0
    99 | D:1      | Found a faded altar of an unknown god.
   223 | D:1      | Reached XP level 2. HP: 10/23 MP: 0/0
  1324 | D:2      | Reached XP level 3. HP: 27/29 MP: 0/0
  1324 | D:2      | Learned a level 1 spell: Freeze
  1469 | D:1      | Reached skill level 3 in Unarmed Combat
  2031 | D:1      | Slain by a worm

Illustrated notes

Levels and vault maps discovered:
D:1:      amcnicky_arrival_choice, layout_loops_ring,
          shapermc_ecumenical_altar_gd, kennysheep_pointless_box
D:2:      layout_basic, basic_altar, grunt_ministairs_1, dk_noncrumbling_4,
          uniq_natasha

Skill      XL: |  1  2  3 |
---------------+----------+-----
Unarmed Combat | 3 |  3.3
Fighting       | |  2.6
Throwing       | |  0.7
Armour         | |  1.0
Dodging        | |  2.1
Spellcasting   | |  2.4

Action                   || total
-------------------------++-------
Melee: Unarmed           ||    81
       Punch             ||     2
Throw: Boomerang         ||     6
  Use: Potion            ||     2
       Scroll            ||     1
Armor: Leather armour    ||    27
Dodge: Dodged            ||    44

Table legend: (Time is in decaauts)
 A = Elapsed time spent in this place.
 B = Non-inter-level travel time spent in this place.
 C = Inter-level travel time spent in this place.
 D = Time resting spent in this place.
 E = Time spent auto-exploring this place.
 F = Levels seen in this place.
 G = Mean time per level.
                   A        B        C        D        E       F      G
               +--------+--------+--------+--------+--------+-----+--------+
         Total |   2030 |   1885 |    145 |    547 |   1073 |   2 | 1015.0 |
       Dungeon |   2030 |   1885 |    145 |    547 |   1073 |   2 | 1015.0 |
               +--------+--------+--------+--------+--------+-----+--------+

Top non-repeatable levels by time:
     D:1: 1689 daAuts
     D:2: 340 daAuts
